 Dungeon Crawl Stone Soup version 0.31.0-2-g5a2aebc5c2 (webtiles) character file.

Game seed: 7048780809815075127

57 voltaire321 the Digger (level 4, -5/28 HPs)
             Began as an Octopode Earth Elementalist on Jan 21, 2024.
             Slain by Terence
             ... wielding a +0 trident
              (9 damage)
             ... on level 2 of the Dungeon.
             The game lasted 00:02:50 (1025 turns).

voltaire321 the Digger (OpEE)                       Turns: 1025, Time: 00:02:51

Health: -5/28      AC:  1    Str:  7    XL:     4   Next: 0%
Magic:  4/7        EV: 13    Int: 19    God:
Gold:   45         SH:  0    Dex: 12    Spells: 6/7 levels left

rFire   . . .        h - +0 short sword
rCold   . . .        (no shield)
rNeg    . . .        (helmet restricted)
rPois   .            (no amulet)
rElec   .            (no ring)
rCorr   .            (no ring)
SInv    .            (no ring)
Will    .....        (no ring)
Stlth   +++          (no ring)
HPRegen 0.24/turn    (no ring)
MPRegen 0.10/turn    (no ring)
                     (no ring)

%: no passive effects
@: no status effects
A: almost no armour, amphibious, 8 rings, camouflage 1, gelatinous body 1,
(nimble swimmer 1), tentacles
a: no special abilities


You were on level 2 of the Dungeon.
You visited 1 branch of the dungeon, and saw 2 of its levels.

You collected 45 gold pieces.

Inventory:

Hand Weapons
 h - a +0 short sword (weapon)
Scrolls
 b - a scroll of revelation {unknown}
 c - 2 scrolls of fog {unknown}
 d - 2 scrolls of identify {unknown}
 e - a scroll of noise {unknown}
 f - a scroll of fear {unknown}
 g - a scroll of blinking {unknown}
Potions
 a - a potion of magic
 i - a potion of enlightenment {unknown}


   Skills:
 + Level 1.2 Fighting
 + Level 2.5 Dodging
 - Level 2.6 Stealth
 + Level 2.4 Spellcasting
 + Level 1.8 Conjurations
 + Level 3.4 Earth Magic


You had 6 spell levels left.
You knew the following spells:

 Your Spells              Type           Power      Damage    Failure   Level
a - Sandblast             Erth           30%        2d9       4%          1

Your spell library contained the following spells:

 Spells                   Type           Power      Damage    Failure   Level
 Passwall                 Erth           15%        N/A       12%         3
 Stone Arrow              Conj/Erth      24%        3d8       17%         3
 Brom's Barrelling Bould  Conj/Erth      12%        2d4       50%         4
 Petrify                  Alch/Erth      8%         N/A       63%         4


Dungeon Overview and Level Annotations

Branches:
Dungeon (2/15)

Altars:

Annotations:
D:2 Terence


Innate Abilities, Weirdness & Mutations

You cannot wear most types of armour.
You are amphibious.
You can wear up to eight rings at the same time.
Your skin changes colour to match your surroundings (Stealth+).
Your rubbery body absorbs attacks. (AC +1, EV +1)
((You are camouflaged when in or above water. (Stealth+)))
You have tentacles for arms and can constrict up to eight enemies at once.


Message History

Press: ? - help, Q - select action Shift-Dir - straight line, f/p - Terence
Aim: Terence, wielding a +0 trident and wearing a +1 chain mail of cold resistance (87% to hit)
The blast of sand hits Terence but does no damage.
Terence closely misses you. Terence attacks as he pursues you!
Terence misses you. Terence closely misses you.
You closely miss Terence. Your grab misses Terence.
Terence hits you with a +0 trident.
You hit Terence but do no damage. Your grab misses Terence.
You squeeze Terence, but do no damage. Terence hits you with a +0 trident.
You hit Terence. You grab Terence. You squeeze Terence, but do no damage.
Terence is lightly wounded.
You constrict Terence. Terence says, "How do you enjoy it?"
Terence closely misses you.
You hit Terence but do no damage. You squeeze Terence, but do no damage.
Terence is moderately wounded.
You constrict Terence, but do no damage.
Terence hits you with a +0 trident.
You hit Terence but do no damage.
Terence is moderately wounded.
You constrict Terence, but do no damage.
Terence hits you with a +0 trident!
* * * LOW HITPOINT WARNING * * *
Aiming: Sandblast (safe; 4% risk of failure)
Press: ? - help, Q - select action Shift-Dir - straight line, f/p - Terence
Aim: Terence, wielding a +0 trident and wearing a +1 chain mail of cold resistance (moderately wounded, constricted by you, 100% to hit)
The blast of sand hits Terence but does no damage.
Terence is moderately wounded.
You constrict Terence, but do no damage.
Terence misses you.
Aiming: Sandblast (safe; 4% risk of failure)
Press: ? - help, Q - select action Shift-Dir - straight line, f/p - Terence
Aim: Terence, wielding a +0 trident and wearing a +1 chain mail of cold resistance (moderately wounded, constricted by you, 100% to hit)
The blast of sand hits Terence but does no damage.
Terence is moderately wounded.
You constrict Terence. Terence barely misses you.
Terence hits you with a +0 trident!
You die...
Terence says, "Rest in peace."

........#.#.# ........[..
#......#. #.$..# ..
#.###..... #.###.#... #
#.....#.## ## #.#@......# ..
#.#@####### ########
###.#.#.##... .......#
........##.# .......#
###.#......####### .....(.#
#.#.#.##........
.......#####.#.#.##.....#####
.......'.....#.#.............
...<...####..#.####......###
.............#.[.......b.....


You could see Terence.

Vanquished Creatures
  Jessica (D:2)
  A ribbon worm (D:2)
  An endoplasm (D:1)
  3 hobgoblins (D:1)
  7 jackals
  2 ball pythons (D:1)
  3 bats
  A frilled lizard (D:2)
  3 goblins (D:1)
  2 kobolds (D:1)
  2 rats (D:1)
26 creatures vanquished.

Notes
Turn   | Place    | Note
-------+----------+-------------------------------------------
     0 | D:1      | voltaire321 the Octopode Earth Elementalist began the quest
                  | for the Orb.
     0 | D:1      | Reached XP level 1. HP: 11/11 MP: 3/3
   172 | D:1      | Reached XP level 2. HP: 14/18 MP: 0/5
   753 | D:2      | Reached XP level 3. HP: 22/22 MP: 0/6
   910 | D:2      | Noticed Jessica
   920 | D:2      | Reached skill level 1 in Fighting
   921 | D:2      | Killed Jessica
   996 | D:2      | Reached XP level 4. HP: 28/28 MP: 5/7
  1008 | D:2      | Noticed Terence
  1025 | D:2      | Slain by Terence

Illustrated notes

Levels and vault maps discovered:
D:1:      nagdon_arrival_double_spiral, layout_basic
D:2:      layout_basic, uniq_jessica, uniq_terence

Skill      XL: |  1  2  3 |
---------------+----------+-----
Fighting       | 1 |  1.2
Dodging        | |  2.5
Stealth        | |  2.6
Spellcasting   | |  2.4
Conjurations   | |  1.8
Earth Magic    | |  3.4

Action                     |  1- 3 |  4- 6 || total
---------------------------+-------+-------++-------
  Melee: Unarmed           |     8 |       ||     8
         Tentacles         |     3 |     3 ||     6
         Constrict         |     3 |     1 ||     4
         Short sword       |     4 |     5 ||     9
   Cast: Sandblast         |    39 |     4 ||    43
   Stab: Sleeping          |     1 |       ||     1
 Armour: Skin              |     8 |     5 ||    13
  Dodge: Dodged            |    21 |     6 ||    27
